Map: Neon Violet Square LE

Players

JagrsMullets - Winner!

  • Race: Zerg Zerg
  • Spawn Location: 5:00

A.I. 1 (Hard)

  • Race: Protoss Protoss
  • Spawn Location: 11:00

VOD

Have the link to the VOD?

Description

Time

  • Played on: Dec. 15, 2017, 2:52 a.m.
  • Length: 20:16
Show
View Real Time Build Order
Export as new Build Order

JagrsMullets Zerg - Winner!

Build Orders: Pool First 

Get SALT Encoding   

  12  0:04  Drone  
  13  0:08  Drone  
  14  0:20  Overlord  
  14  0:40  Spawning Pool  
  14  0:41  Drone  
  14  0:49  Extractor  
  13  0:50  Drone  
  14  1:06  Drone x3  
  17  1:21  Extractor  
  17  1:23  Drone  
  17  1:27  Queen  
  19  1:49  Metabolic Boost  
  19  1:51  Zergling x2  
  19  1:52  Zergling x4  
  22  2:25  Spine Crawler  
  22  2:27  Drone  
  22  2:29  Overlord x2  
  22  3:02  Overlord x3  
  22  3:06  Lair  
  22  3:34  Drone x2  
  22  3:35  Drone x2  
  26  3:54  Spore Crawler  
  26  3:55  Drone x2  
  27  4:06  Pneumatized Carapace  
  27  4:10  Drone  
  28  4:18  Spire  
  28  4:22  Drone  
  28  5:04  Hatchery  
  28  5:05  Drone x3  
  30  5:19  Drone  
  31  5:26  Extractor  
  31  5:27  Extractor  
  29  5:35  Drone  
  30  5:45  Hatchery  
  30  5:46  Zerg Flyer Weapons Level 1  
  29  6:15  Zergling x12  
  35  6:26  Evolution Chamber  
  35  6:29  Drone x2  
  35  6:53  Drone x2  
  30  6:55  Zergling x2  
  30  7:10  Spine Crawler  
  30  7:12  Spine Crawler  
  30  7:15  Spine Crawler  
  27  7:21  Zergling x4  
  28  7:38  Zergling x4  
  28  7:39  Zergling x4  
  27  8:17  Drone  
  27  8:19  Drone x3  
  31  8:25  Zerg Flyer Weapons Level 2  
  31  8:31  Mutalisk  
  33  8:37  Drone x3  
  36  8:44  Hatchery  
  35  8:57  Spine Crawler  
  35  8:58  Spine Crawler  
  35  8:59  Spine Crawler  
  35  9:02  Spine Crawler  
  31  9:03  Spine Crawler  
  30  9:10  Drone  
  30  9:11  Drone x2  
  30  9:16  Mutalisk  
  33  9:17  Mutalisk x2  
  39  9:36  Hydralisk Den  
  38  9:44  Drone x3  
  41  9:46  Queen  
  43  10:04  Zerg Melee Weapons Level 1  
  43  10:10  Muscular Augments  
  43  10:15  Drone x2  
  43  10:20  Drone x2  
  47  10:31  Drone x2  
  49  10:46  Zerg Flyer Armor Level 1  
  49  10:52  Overlord x2  
  41  11:23  Zergling x8  
  41  11:24  Zergling x4  
  46  11:27  Hydralisk x3  
  46  11:32  Hydralisk x3  
  56  11:59  Zerg Missile Weapons Level 1  
  56  12:25  Infestation Pit  
  56  12:26  Hydralisk x5  
  65  12:31  Overlord x4  
  65  12:32  Overlord x2  
  65  12:42  Drone  
  66  13:11  Mutalisk x3  
  72  13:18  Hive  
  72  13:24  Drone  
  72  13:25  Drone x2  
  75  13:35  Hatchery  
  74  13:41  Drone x2  
  74  13:42  Drone  
  77  13:53  Zerg Ground Armor Level 1  
  77  14:03  Zerg Flyer Armor Level 2  
  77  14:08  Hydralisk x2  
  81  14:11  Hydralisk x3  
  81  14:16  Hydralisk x3  
  81  15:18  Zergling x6  
  84  15:26  Ultralisk Cavern  
  83  15:31  Adrenal Glands  
  83  15:38  Hydralisk  
  85  15:46  Drone x2  
  85  15:47  Zerg Melee Weapons Level 2, Drone  
  88  16:00  Drone x3  
  91  16:12  Overlord x3  
  91  16:15  Overlord x2  
  91  16:19  Zerg Flyer Weapons Level 3  
  91  16:37  Ultralisk  
  97  16:42  Ultralisk x3  
  115  16:48  Ultralisk x3  
  133  17:46  Ultralisk x3  
  151  17:51  Mutalisk x2  
  151  17:52  Mutalisk  
  131  18:31  Hydralisk x3  
  129  18:36  Hydralisk x2  
  131  18:49  Zergling x4  
  131  18:53  Zergling x6  
  131  19:30  Mutalisk x3  
  133  19:33  Mutalisk  
  133  19:38  Zergling x4  
Show
View Real Time Build Order
Export as new Build Order

A.I. 1 (Hard) Protoss 

Build Orders:  

Get SALT Encoding   

  12  0:00  Probe  
  13  0:13  Probe  
  14  0:21  Pylon  
  14  0:25  Probe  
  15  0:39  Probe  
  16  0:47  Assimilator  
  16  0:50  Gateway  
  16  0:51  Probe  
  17  1:00  Pylon  
  17  1:04  Probe  
  18  1:16  Probe  
  19  1:28  Probe  
  20  1:37  Zealot  
  20  1:39  Cybernetics Core  
  22  1:43  Gateway  
  22  1:49  Assimilator  
  22  2:05  Pylon  
  22  2:15  Stalker  
  24  2:25  Warp Gate  
  24  2:30  Adept  
  26  2:44  Stalker  
  26  2:48  Pylon  
  28  2:57  Stalker  
  30  3:14  Stalker  
  30  3:17  Probe  
  35  3:27  Adept  
  35  3:29  Pylon, Probe  
  37  3:41  Probe  
  37  3:44  Stalker  
  39  3:49  Forge  
  39  3:53  Probe  
  39  3:54  Stalker  
  42  4:05  Probe  
  43  4:14  Zealot  
  45  4:17  Probe  
  46  5:57  Protoss Ground Weapons Level 1, Sentry  
  46  5:58  Gateway  
  46  6:01  Robotics Facility  
  46  6:03  Twilight Council  
  48  6:06  Nexus, Pylon  
  48  6:07  Sentry  
  48  6:09  Photon Cannon  
  50  6:12  Photon Cannon  
  50  6:15  Forge  
  50  6:20  Sentry  
  52  6:30  Sentry  
  54  6:41  Blink  
  54  6:48  Observer, Protoss Ground Armor Level 1  
  54  6:51  Stargate  
  54  6:53  Zealot  
  52  7:03  Stalker  
  54  7:09  Observer  
  55  7:18  Probe  
  55  7:20  Probe  
  57  7:27  Zealot  
  57  7:29  Assimilator  
  55  7:30  Probe  
  55  7:31  Pylon  
  55  7:32  Probe  
  55  7:34  Pylon  
  55  7:36  Assimilator  
  55  7:38  Adept  
  55  7:42  Probe  
  55  7:44  Probe  
  59  7:48  Adept  
  59  7:54  Probe  
  59  7:58  Probe  
  59  7:59  Stalker  
  59  8:00  Photon Cannon  
  55  8:06  Probe  
  55  8:10  Stalker, Probe  
  58  8:19  Probe  
  59  8:21  Stalker  
  59  8:22  Probe  
  62  8:31  Probe  
  62  8:32  Stalker  
  65  8:34  Probe  
  66  8:42  Stalker  
  66  8:43  Probe  
  66  8:46  Probe  
  70  8:55  Photon Cannon, Probe  
  71  8:58  Probe  
  72  9:07  Probe  
  73  9:10  Probe  
  74  9:19  Probe  
  74  9:22  Probe  
  76  10:29  Immortal, Protoss Ground Armor Level 2, Protoss Ground Weapons Level 2  
  76  10:33  Gateway  
  80  10:35  Zealot  
  80  10:36  Nexus  
  80  10:41  Pylon  
  80  10:42  Zealot  
  84  10:44  Stalker x2  
  84  10:47  Stalker x2  
  84  10:49  Stalker x2  
  84  11:00  Protoss Air Weapons Level 1  
  84  11:01  Stargate  
  84  11:05  Pylon  
  84  11:07  Robotics Bay  
  84  11:08  Immortal  
  78  11:18  Zealot  
  78  11:25  Zealot  
  76  11:27  Robotics Facility  
  76  11:31  Stalker  
  70  11:38  Sentry  
  72  11:44  Stalker  
  74  11:47  Warp Prism  
  74  11:49  Probe  
  74  11:50  Stalker, Probe  
  74  11:52  Probe  
  81  11:54  Gravitic Drive  
  81  11:57  Stalker  
  81  12:01  Probe, Pylon  
  83  12:03  Sentry  
  83  12:06  Probe  
  83  12:07  Probe  
  88  12:13  Warp Prism, Probe  
  91  12:15  Pylon  
  91  12:18  Probe  
  91  12:20  Probe  
  91  12:22  Templar Archives  
  93  12:23  Observer  
  93  12:25  Probe  
  93  12:29  Dark Shrine  
  95  12:30  Probe  
  95  12:36  Photon Cannon  
  96  12:37  Probe  
  96  12:39  Probe  
  96  12:41  Photon Cannon  
  96  12:42  Probe  
  99  12:44  Warp Prism  
  99  12:45  Protoss Shields Level 1  
  101  12:51  Observer Gravitic Boosters  
  101  12:54  Protoss Air Armor Level 1  
  101  13:09  Assimilator  
  101  13:11  Assimilator  
  101  14:02  Disruptor  
  104  14:03  Immortal  
  104  14:08  Disruptor, Pylon  
  107  14:14  Sentry  
  109  14:19  Adept  
  109  14:20  Protoss Ground Weapons Level 3  
  111  14:25  Void Ray  
  115  14:31  Pylon  
  115  14:33  Fleet Beacon  
  115  14:37  Disruptor  
  118  14:39  Protoss Ground Armor Level 3  
  118  14:43  Disruptor  
  118  14:44  Stalker  
  113  14:50  Stalker  
  103  14:55  Sentry  
  95  15:01  Zealot  
  97  15:07  Sentry  
  97  15:13  Zealot  
  101  15:17  Nexus  
  101  15:18  Stalker  
  103  15:24  Stalker  
  105  15:30  Stalker  
  107  15:36  Stalker  
  107  15:41  Carrier  
  107  15:42  Graviton Catapult  
  115  15:47  Carrier  
  121  15:54  Protoss Air Weapons Level 2  
  121  16:38  Assimilator  
  121  16:39  Pylon  
  121  16:43  Assimilator, Pylon  
  121  16:57  Protoss Shields Level 2  
  121  17:04  Photon Cannon  
  121  17:06  Photon Cannon  
  121  17:25  Void Ray  
  121  17:27  Void Ray  
  121  17:32  Void Ray  
  121  18:12  Zealot  
  121  18:18  Zealot  
  106  18:24  Stalker  
  97  18:29  Sentry  
  87  18:35  Sentry  
  87  18:41  Sentry  
  81  18:47  Adept  
  83  18:52  Disruptor  
  82  18:58  Stalker  
  78  19:04  Stalker  
  78  19:08  Immortal, Probe  
  76  19:11  Probe  
  76  19:12  Probe  
  76  19:13  Stalker  
  76  19:14  Probe  
  58  19:19  Stalker  
  58  19:20  Photon Cannon  
  58  19:23  Probe  
  43  19:24  Probe  
  43  19:25  Stalker  
  43  19:26  Probe  
  40  19:36  Probe  
  40  19:37  Zealot  
  40  19:38  Probe, Pylon  
  45  19:43  Zealot  
  37  19:45  Pylon  
  37  19:47  Zealot  
  37  19:48  Probe  
  37  19:49  Pylon  
  37  19:50  Zealot, Probe  
  41  19:58  Zealot  
  41  20:00  Probe  
  41  20:02  Probe  
  41  20:03  Zealot  
  30  20:07  Zealot  
  30  20:11  Zealot  
Tags
 
Add a new tag
Caveats
  • Supply blocks, unpowered buildings, or Contaminate may cause inaccurate times.
  • Supply counts are checked every 10 seconds.